Map: Ley Lines

Players

CKMoonUnit - Winner!

  • Race: Protoss Protoss
  • League: Silver
  • Spawn Location: 1:00

iPlayDefense

  • Race: Terran Terran
  • League: Silver
  • Spawn Location: 7:00

VOD

Have the link to the VOD?

Description

Time

  • Played on: April 13, 2025, 11:06 p.m.
  • Length: 1:18
Show
View Real Time Build Order
Export as new Build Order

CKMoonUnit Protoss - Winner!

Build Orders:  

Get SALT Encoding   

  13  0:12  Pylon  
  13  0:13  Probe  
  13  0:30  Probe  
  13  0:33  Forge  
  14  0:38  Probe  
  15  0:48  Probe  
  16  0:58  Pylon  
  16  1:04  Pylon  
  16  1:13  Pylon  
Show
View Real Time Build Order
Export as new Build Order

iPlayDefense Terran 

Build Orders:  

Get SALT Encoding   

  12  0:00  SCV  
  13  0:15  Supply Depot  
  13  0:19  SCV  
  14  0:26  Refinery  
  14  0:31  SCV  
  15  0:51  Barracks  
  15  0:58  SCV  
Tags
 
Matchup
PvT
Replay Pack
DaveSC2
Spawn Locations
Cross Positions
Add a new tag
Caveats
  • Supply blocks, unpowered buildings, or Contaminate may cause inaccurate times.
  • Supply counts are checked every 10 seconds.